 Dungeon Crawl Stone Soup version 0.31-a0-150-g89dc3ad700 (webtiles) character file.

Game seed: 12860537709770039186

527 qw the Shooter (level 7, -1/44 HPs)
             Began as a Gargoyle Hunter on June 8, 2023.
             Slain by a lemure (7 damage)
             ... led by Pikel
             ... on level 4 of the Dungeon.
             The game lasted 00:01:03 (2955 turns).

qw the Shooter (Gargoyle Hunter)                    Turns: 2955, Time: 00:01:03

Health: -1/44      AC:  0    Str: 15    XL:     7   Next: 23%
Magic:  7/7        EV: 11    Int:  9    God:
Gold:   255        SH:  0    Dex: 15    Spells: 6/6 levels left

rFire   . . .        Y - +1 longbow (heavy)
rCold   . . .        (shield currently unavailable)
rNeg    + . .        i - +0 ring mail
rPois   inf          g - +1 helmet
rElec   +            (no cloak)
rCorr   .            (no gloves)
SInv    .            (no boots)
Will    .....        (no amulet)
Stlth   +            (no ring)
HPRegen 0.27/turn    (no ring)
MPRegen 0.10/turn

%: no passive effects
@: about to teleport, corroded
A: sickness immunity, AC +4, negative energy resistance 1, electricity
resistance, torment resistance 1, petrification resistance
a: no special abilities


You were on level 4 of the Dungeon.
You visited 1 branch of the dungeon, and saw 5 of its levels.

You collected 255 gold pieces.


Innate Abilities, Weirdness & Mutations

You are immune to sickness and miasma.
Your stone body is resilient. (AC +4)
You are immune to poison.
You resist negative energy. (rN+)
You are resistant to electric shocks. (rElec)
You are resistant to unholy torment.
You are immune to petrification.


   Skills:
 - Level 4.7 Fighting
 + Level 7.4 Ranged Weapons
 - Level 1.0 Armour
 - Level 1.5 Dodging
 - Level 1.1 Stealth


You had 6 spell levels left.
You didn't know any spells.
Your spell library was empty.

Inventory:

Hand Weapons
 Y - a +1 heavy longbow (weapon)
Armour
 g - a +1 helmet (worn)
 i - a +0 ring mail (worn)
Scrolls
 a - a scroll of identify
Potions
 b - a potion of heal wounds
 d - a potion of might
 f - a potion of degeneration {unknown}
 h - a potion of berserk rage {unknown}
 l - a potion of curing {unknown}

Dungeon Overview and Level Annotations

Branches:
Dungeon (5/15)
 Temple: D:4-7

Altars:

Shops:
D:1 !(

Annotations:
D:4 Pikel


Message History

Enter note:
Enter note:
Enter note:
Enter note:
Enter note:
Enter note:
Enter note: You start resting.
You are no longer corroded.
HP restored.
Done exploring.
2949 ||| DROPPING potion of invisibility.
You drop a potion of invisibility.
Done exploring.
(D) Dungeon
Where to? (* - list waypoints, Enter - D:5, ? - help)
What level of the Dungeon? (default 1, ? - help)
You climb downwards.
Level annotation: Pikel The lemure hits you but does no damage.
Pikel zaps a wand.
The bolt of acid hits you! The acid corrodes you!
There is a stone staircase leading up here.
2952 ||| STAIRDANCE The lemure hits you but does no damage.
Pikel hits you with a +2 whip of flaming.
Pikel burns you.
You climb upwards.
There is a stone staircase leading down here.
You see here a potion of invisibility.
You shoot an arrow. The arrow hits Pikel!!
Pikel is heavily wounded.
The lemure barely misses you.
Pikel zaps a wand.
The bolt of acid hits you!! The acid corrodes you! Pikel barely misses you.
The lemure hits you but does no damage.
2955 ||| READING scroll of teleportation.
As you read the scroll of teleportation, it crumbles to dust.
You feel strangely unstable.
Pikel zaps a wand.
The bolt of acid hits you. The acid corrodes you!
The now-empty wand crumbles to dust.
The lemure hits you!
You die...

.................#..........#....
###.##+##....##.####.####...####'
###.##.##....##.####.####...##...
.............................#...
.............................#...
.............................#...
#.####>....####.####..###...###..
######.....####5####..###...#####
#........#....@#........<......
#........#...K.#...............
#........#.....#...............
#........#.....#...............
#........#.....#....##.....##..
#........##...##....##.....##..
#........##...##....##.....###'
#........##...##....##.........
#..........................(...


You could see Pikel and a lemure.

Vanquished Creatures
  Sigmund (D:3)
  A black bear (D:4)
  A lemure (D:5)
  A scorpion (D:4)
  An iguana (D:4)
  A sleepcap (D:4)
  Ijyb (D:5)
  Natasha (D:3)
  3 adders
  4 worms
  2 dart slugs
  7 orcs
  8 ball pythons
  3 endoplasms
  8 goblins
  6 hobgoblins
  4 jackals (D:4)
  8 kobolds
  5 quokkas
  6 bats
  2 frilled lizards
  8 rats
82 creatures vanquished.

Notes
Turn   | Place    | Note
-------+----------+-------------------------------------------
     0 | D:1      | qw the Gargoyle Hunter began the quest for the Orb.
     0 | D:1      | Reached XP level 1. HP: 12/12 MP: 1/1
     0 | D:1      | 0 ||| qw: Version: 0.2-a-119-g7aa9181
     0 | D:1      | 0 ||| qw: Game counter: 2844
     0 | D:1      | 0 ||| qw: Always use a shield: true
     0 | D:1      | 0 ||| qw: God list: Okawaru
     0 | D:1      | 0 ||| qw: Allow faded altars: false
     0 | D:1      | 0 ||| qw: Do Orc after D:15 true
     0 | D:1      | 0 ||| qw: Do second Lair branch before Depths: true
     0 | D:1      | 0 ||| qw: Lair rune preference: random
     0 | D:1      | 0 ||| qw: Plans: Normal
     0 | D:1      | 0 ||| PLANNING D:1-11
   151 | D:1      | Found Ownir's Distillery.
   154 | D:1      | 154 ||| SHOPLISTING potion of curing (33 gold, have 15).
   154 | D:1      | 154 ||| SHOPLISTING potion of heal wounds (55 gold, have
                  | 15).
   154 | D:1      | 154 ||| SHOPLISTING potion of might (44 gold, have 15).
   245 | D:1      | Reached XP level 2. HP: 17/17 MP: 2/2
   537 | D:1      | Found Jysautu's Antique Weapon Shop.
   821 | D:1      | Reached XP level 3. HP: 21/21 MP: 3/3
   978 | D:1      | 978 ||| UPGRADING to +1 helmet.
   983 | D:1      | 983 ||| DROPPING amulet of magic regeneration.
   984 | D:1      | 984 ||| READING 2 scrolls labelled LETSEOQ HEXTE.
   985 | D:1      | 985 ||| READING scroll labelled RYIQOR BICI.
   986 | D:1      | 986 ||| DROPPING scroll of butterflies.
  1125 | D:2      | Reached skill level 5 in Ranged Weapons
  1150 | D:2      | Found a faded altar of an unknown god.
  1373 | D:2      | Reached XP level 4. HP: 27/27 MP: 4/4
  1605 | D:2      | Reached skill level 3 in Fighting
  1683 | D:2      | 1683 ||| UPGRADING to +0 ring mail.
  1693 | D:2      | 1693 ||| DROPPING +0 leather armour.
  1694 | D:2      | 1694 ||| READING scroll labelled APONOQ PIVIAB.
  1695 | D:2      | 1695 ||| READING 2 scrolls labelled ILOAGILYDY.
  1699 | D:2      | 1699 ||| READING scroll labelled BAZUTZI QEWAGH.
  1801 | D:3      | Reached skill level 1 in Armour
  2067 | D:3      | Noticed Natasha
  2068 | D:3      | 2068 ||| SWAPPING to +0 longbow.
  2070 | D:3      | Killed Natasha
  2071 | D:3      | 2071 ||| DROPPING +0 shortbow.
  2150 | D:3      | Noticed Sigmund
  2151 | D:3      | 2151 ||| Stepping ~*~*~tactically~*~*~ (outnumbered).
  2161 | D:3      | Killed Sigmund
  2162 | D:3      | Reached skill level 6 in Ranged Weapons
  2162 | D:3      | Reached XP level 5. HP: 32/32 MP: 5/5
  2162 | D:3      | Reached XP level 6. HP: 37/37 MP: 6/6
  2237 | D:3      | 2237 ||| READING scroll labelled TUQIASK EZXOI.
  2238 | D:3      | 2238 ||| READING scroll labelled ONULOKKYKK.
  2392 | D:4      | Noticed a black bear
  2396 | D:4      | Killed a black bear
  2508 | D:4      | Reached XP level 7. HP: 31/44 MP: 7/7
  2581 | D:4      | Reached skill level 7 in Ranged Weapons
  2807 | D:4      | 2807 ||| DROPPING ring of wizardry.
  2808 | D:4      | 2808 ||| READING 2 scrolls labelled XUHAMM ZUTTUDD.
  2809 | D:4      | 2809 ||| READING 3 scrolls of identify.
  2809 | D:4      | 2809 ||| IDENTIFYING cyan potion
  2810 | D:4      | 2810 ||| READING 2 scrolls of identify.
  2810 | D:4      | 2810 ||| IDENTIFYING green potion
  2811 | D:4      | 2811 ||| DROPPING scroll of magic mapping.
  2826 | D:5      | Entered Level 5 of the Dungeon
  2826 | D:5      | Noticed Ijyb
  2827 | D:5      | Paralysed by Ijyb for 2 turns
  2830 | D:5      | Paralysed by Ijyb for 3 turns
  2835 | D:5      | Killed Ijyb
  2853 | D:5      | Noticed Pikel
  2858 | D:5      | 2858 ||| FLEEEEING.
  2859 | D:5      | 2859 ||| FLEEEEING.
  2860 | D:5      | 2860 ||| STAIRDANCE
  2949 | D:4      | 2949 ||| DROPPING potion of invisibility.
  2952 | D:5      | 2952 ||| STAIRDANCE
  2954 | D:4      | HP: 11/44 [Pikel/bolt of acid (20)]
  2955 | D:4      | 2955 ||| READING scroll of teleportation.
  2955 | D:4      | Slain by a lemure

Levels and vault maps discovered:
D:1:      saegor_arrival_fortress, layout_basic, serial_shops,
          nicolae_shop_behind_doors, nicolae_shop_dealshenge
D:2:      layout_loops_ring, shapermc_ecumenical_altar_flowoftime
D:3:      layout_basic, uniq_sigmund, uniq_natasha
D:4:      layout_gridville
D:5:      layout_rooms, serial_shops, shop, sigmund_army, uniq_eustachio,
          uniq_ijyb, uniq_prince_ribbit1, uniq_pikel

Skill      XL: |  1  2  3  4  5  6  7 |
---------------+----------------------+-----
Ranged Weapons | 5 6 7 |  7.4
Fighting       | 3 4 |  4.7
Armour         | 1 |  1.0
Dodging        | |  1.5
Stealth        | |  1.1

Action                     |  1- 3 |  4- 6 |  7- 9 || total
---------------------------+-------+-------+-------++-------
   Fire: Shortbow          |    97 |    62 |       ||   159
         Longbow           |       |    43 |    29 ||    72
    Use: Scroll            |     2 |     5 |     4 ||    11
 Armour: Leather armour    |    12 |     2 |       ||    14
         Ring mail         |       |    34 |     9 ||    43
  Dodge: Dodged            |    25 |    44 |     5 ||    74

Table legend:
 A = Non-vault XP
 B = Vault XP
 C = Vault XP percentage of total XP
 D = Non-vault monster count
 E = Vault monster count
 F = Vault count percentage of total count
                 A         B        C        D         E       F
            +---------+---------+-------+---------+---------+-------
      Total |     467 |     286 |  38.0 |      78 |       3 |   3.7
            +---------+---------+-------+---------+---------+-------
        D:1 |      38 |       0 |   0.0 |      24 |       0 |   0.0
        D:2 |      56 |       0 |   0.0 |      14 |       0 |   0.0
        D:3 |      33 |     250 |  88.3 |      11 |       2 |  15.4
        D:4 |     338 |       0 |   0.0 |      28 |       0 |   0.0
        D:5 |       2 |      36 |  94.7 |       1 |       1 |  50.0
            +---------+---------+-------+---------+---------+-------
